General information
- name: BNet
- type: Ladder team game (AT/RT)
- host: Battle.net
- saver: 712471251250125
map: MarketSquare
- players: 8
- length: 51:03
- speed: Fast
- version: 1.28 W3XP
- replay type: Public
» download(320 KB)
Players
team 1 (winner)
fukyougringo (
red | 62 APM | 3189 actions | 51:02)
6 Blademaster
3 Critical Strike
2 Wind Walk
1 Bladestorm
5 Shadow Hunter
2 Hex
3 Healing Wave
5 Tauren Chieftain
2 War Stomp
3 Endurance Aura
» actions
| Assign group hotkey | 46 | |
| Basic commands | 273 | |
| Build / train | 69 | |
| ESC pressed | 5 | |
| Enter build submenu | 20 | |
| Enter hero's abilities submenu | 16 | |
| Give item / drop item | 6 | |
| Right click | 1021 | |
| Select / deselect | 331 | |
| Select group hotkey | 1294 | |
| Use ability | 106 | |
3189 total
» units
» upgrades
| Ranged Weapons | 3 | |
| Envenomed Spears | 1 | |
| Reinforced Defenses | 1 | |
| Armor | 3 | |
8 total
» buildings
| Altar of Storms | 2 | |
| Orc Burrow | 10 | |
| Voodoo Lounge | 1 | |
| Stronghold | 3 | |
| War Mill | 1 | |
| Beastiary | 2 | |
| Fortress | 1 | |
| Great Hall | 2 | |
22 total
» build order
00:10 Altar of Storms
00:19 Orc Burrow
00:27 Voodoo Lounge
02:38 Stronghold
02:38 Stronghold
02:39 Stronghold
02:41 Orc Burrow
03:05 Orc Burrow
03:08 War Mill
03:56 Orc Burrow
05:08 Beastiary
05:11 Beastiary
08:39 Fortress
08:43 Orc Burrow
11:49 Orc Burrow
20:23 Orc Burrow
20:40 Great Hall
22:30 Great Hall
25:14 Orc Burrow
26:09 Orc Burrow
26:11 Orc Burrow
28:13 Altar of Storms
» items
| Healing Salve | 1 | |
| Boots of Speed | 3 | |
| Orb of Lightning | 1 | |
| Scroll of Protection | 2 | |
| Scroll of Town Portal | 1 | |
| Dust of Appearance | 1 | |
| Orb of Corruption | 1 | |
10 total

»
eatmycookie (
yellow | 63 APM | 2164 actions | 34:20)
4 Demon Hunter
2 Mana Burn
2 Evasion
2 Priestess of the Moon
1 Trueshot Aura
1 Scout
» actions
| Assign group hotkey | 30 | |
| Basic commands | 41 | |
| Build / train | 87 | |
| Enter build submenu | 34 | |
| Enter hero's abilities submenu | 6 | |
| Remove unit from queue | 9 | |
| Right click | 1029 | |
| Select / deselect | 390 | |
| Select group hotkey | 483 | |
| Use ability | 55 | |
2164 total
» units
| Wisp | 27 | |
| Archer | 5 | |
| Huntress | 4 | |
| Dryad | 14 | |
| Hippogryph | 7 | |
| Glaive Thrower | -3 | |
| Druid of the Claw | 2 | |
| Chimaera | 1 | |
57 total
» upgrades
| Abolish Magic | 1 | |
| Strength of the Wild | 2 | |
| Reinforced Hides | 2 | |
| Druid of the Claw Training | 1 | |
| Corrosive Breath | 1 | |
7 total
» buildings
| Altar of Elders | 1 | |
| Moon Well | 8 | |
| Ancient of War | 3 | |
| Ancient of Wonders | 1 | |
| Hunter's Hall | 1 | |
| Ancient Protector | 4 | |
| Tree of Life | 5 | |
| Tree of Ages | 1 | |
| Ancient of Lore | 2 | |
| Ancient of Wind | 1 | |
| Tree of Eternity | 1 | |
| Chimaera Roost | 2 | |
30 total
» build order
00:48 Altar of Elders
00:51 Moon Well
01:53 Moon Well
02:19 Ancient of War
02:39 Ancient of War
02:46 Ancient of Wonders
03:19 Hunter's Hall
03:50 Moon Well
04:46 Ancient Protector
04:51 Ancient Protector
04:55 Ancient Protector
06:03 Ancient Protector
06:12 Tree of Life
07:10 Tree of Ages
08:17 Moon Well
09:38 Ancient of Lore
09:53 Ancient of Lore
10:15 Moon Well
11:59 Moon Well
12:28 Ancient of Wind
14:12 Tree of Life
16:18 Tree of Life
19:48 Tree of Life
20:51 Moon Well
23:54 Moon Well
23:58 Tree of Eternity
25:46 Ancient of War
28:38 Chimaera Roost
30:54 Chimaera Roost
32:11 Tree of Life
» items
712471251250125 (
orange | 97 APM | 4965 actions | 51:03)
8 Archmage
3 Summon Water Elemental
3 Brilliance Aura
2 Blizzard
2 Blood Mage
1 Flame Strike
1 Banish
1 Goblin Tinker
1 Engineering Upgrade
» actions
| Assign group hotkey | 103 | |
| Basic commands | 518 | |
| Build / train | 225 | |
| ESC pressed | 6 | |
| Enter build submenu | 63 | |
| Enter hero's abilities submenu | 10 | |
| Give item / drop item | 3 | |
| Right click | 1460 | |
| Select / deselect | 716 | |
| Select group hotkey | 1622 | |
| Use ability | 239 | |
4965 total
» units
| Peasant | 25 | |
| Footman | 4 | |
| Rifleman | 10 | |
| Priest | 2 | |
| Mortar Team | 5 | |
| Dragonhawk Rider | 9 | |
| Gryphon Rider | 2 | |
57 total
» upgrades
| Gunpowder | 3 | |
| Long Rifles | 1 | |
| Armor | 3 | |
| Masonry | 3 | |
| Lumber Harvesting | 2 | |
| Priest Training | 2 | |
| Sorceress Training | 1 | |
| Plating | 2 | |
| Swords | 3 | |
| Animal War Training | 1 | |
| Cloud | 1 | |
| Fragmentation Shards | 1 | |
| Storm Hammers | 1 | |
24 total
» buildings
| Farm | 12 | |
| Altar of Kings | 1 | |
| Barracks | 1 | |
| Arcane Vault | 1 | |
| Blacksmith | 1 | |
| Town Hall | 3 | |
| Scout Tower | 34 | |
| Arcane Tower | 10 | |
| Keep | 3 | |
| Castle | 6 | |
| Lumber Mill | 1 | |
| Guard Tower | 48 | |
| Arcane Sanctum | 2 | |
| Workshop | 2 | |
| Cannon Tower | 6 | |
| Gryphon Aviary | 2 | |
133 total
» build order
01:06 Farm
01:17 Farm
01:19 Altar of Kings
01:21 Barracks
01:30 Farm
02:01 Arcane Vault
02:07 Blacksmith
02:59 Farm
04:31 Town Hall
04:36 Scout Tower
05:05 Arcane Tower
05:06 Arcane Tower
05:14 Keep
05:15 Keep
07:10 Scout Tower
07:14 Scout Tower
08:17 Castle
08:18 Castle
09:18 Castle
09:18 Castle
09:26 Arcane Tower
09:30 Lumber Mill
10:26 Scout Tower
10:26 Scout Tower
10:27 Scout Tower
10:32 Scout Tower
10:32 Scout Tower
10:42 Scout Tower
10:43 Scout Tower
10:44 Scout Tower
11:02 Guard Tower
11:03 Guard Tower
11:03 Guard Tower
11:04 Arcane Tower
11:04 Arcane Tower
11:04 Arcane Tower
11:22 Guard Tower
11:22 Guard Tower
11:22 Guard Tower
11:26 Arcane Tower
11:26 Arcane Tower
11:27 Guard Tower
11:27 Guard Tower
11:27 Guard Tower
11:53 Farm
13:15 Arcane Sanctum
13:54 Farm
13:56 Farm
14:11 Farm
15:22 Arcane Sanctum
15:25 Workshop
15:38 Workshop
18:12 Town Hall
18:15 Scout Tower
18:16 Scout Tower
18:17 Scout Tower
18:19 Scout Tower
18:49 Guard Tower
19:13 Cannon Tower
19:38 Cannon Tower
19:39 Guard Tower
19:48 Guard Tower
19:55 Scout Tower
20:30 Gryphon Aviary
20:32 Gryphon Aviary
22:14 Scout Tower
22:15 Scout Tower
22:18 Scout Tower
22:21 Scout Tower
22:24 Scout Tower
22:28 Guard Tower
22:53 Guard Tower
22:53 Guard Tower
22:53 Guard Tower
22:53 Guard Tower
22:54 Guard Tower
23:11 Farm
23:14 Farm
23:18 Farm
23:23 Guard Tower
23:24 Guard Tower
23:24 Guard Tower
23:30 Scout Tower
23:30 Scout Tower
23:32 Scout Tower
23:34 Scout Tower
23:37 Scout Tower
23:56 Guard Tower
23:56 Guard Tower
23:57 Guard Tower
24:00 Guard Tower
24:04 Guard Tower
24:59 Guard Tower
24:59 Guard Tower
25:00 Guard Tower
31:31 Town Hall
31:34 Scout Tower
31:34 Scout Tower
31:36 Scout Tower
31:38 Scout Tower
32:07 Guard Tower
32:07 Guard Tower
32:07 Guard Tower
32:08 Guard Tower
32:08 Guard Tower
32:11 Guard Tower
32:11 Guard Tower
32:11 Guard Tower
34:48 Scout Tower
34:49 Scout Tower
34:50 Scout Tower
34:51 Scout Tower
40:20 Cannon Tower
40:20 Cannon Tower
40:21 Cannon Tower
43:37 Farm
» items
| Scroll of Regeneration | 7 | |
| Mechanical Critter | 4 | |
| Scroll of Town Portal | 4 | |
| Staff of Sanctuary | 1 | |
| Periapt of Vitality | 4 | |
| Potion of Lesser Invulnerability | 4 | |
| Tome of Retraining | 1 | |
| Circlet of Nobility | 2 | |
| Staff of Teleportation | 4 | |
| Boots of Speed | 1 | |
32 total

»
bruzer (
green | 36 APM | 1856 actions | 51:02)
5 Dreadlord
3 Vampiric Aura
2 Sleep
4 Death Knight
2 Death Coil
2 Unholy Aura
» actions
| Assign group hotkey | 21 | |
| Basic commands | 17 | |
| Build / train | 84 | |
| Enter build submenu | 26 | |
| Enter hero's abilities submenu | 9 | |
| Give item / drop item | 3 | |
| Right click | 617 | |
| Select / deselect | 292 | |
| Select group hotkey | 699 | |
| Use ability | 88 | |
1856 total
» units
| Acolyte | 29 | |
| Ghoul | 13 | |
| Crypt Fiend | 5 | |
| Frost Wyrm | 4 | |
| Gargoyle | 1 | |
52 total
» upgrades
| Cannibalize | 1 | |
| Burrow | 1 | |
| Web | 1 | |
| Creature Attack | 3 | |
| Creature Carapace | 3 | |
| Freezing Breath | 1 | |
10 total
» buildings
| Crypt | 2 | |
| Ziggurat | 9 | |
| Altar of Darkness | 1 | |
| Halls of the Dead | 1 | |
| Tomb of Relics | 1 | |
| Graveyard | 1 | |
| Sacrificial Pit | 1 | |
| Necropolis | 1 | |
| Spirit Tower | 3 | |
| Black Citadel | 1 | |
| Boneyard | 3 | |
24 total
» build order
00:33 Crypt
00:36 Ziggurat
00:56 Altar of Darkness
00:59 Ziggurat
01:40 Crypt
02:46 Ziggurat
04:45 Halls of the Dead
05:05 Tomb of Relics
05:11 Ziggurat
05:35 Graveyard
08:39 Ziggurat
08:55 Ziggurat
09:02 Sacrificial Pit
10:28 Ziggurat
10:31 Ziggurat
10:34 Necropolis
11:23 Spirit Tower
11:24 Spirit Tower
11:30 Black Citadel
12:23 Ziggurat
15:42 Boneyard
15:46 Boneyard
15:50 Boneyard
22:28 Spirit Tower
» items
| Scroll of Town Portal | 2 | |
| Staff of Teleportation | 1 | |
| Orb of Corruption | 1 | |
| Boots of Speed | 1 | |
| Potion of Lesser Invulnerability | 1 | |
6 total
team 2 (loser)

»
Deadbeatdavid (
pink | 73 APM | 1548 actions | 21:06)
4 Dreadlord
2 Vampiric Aura
2 Sleep
3 Death Knight
2 Death Coil
1 Unholy Aura
» actions
| Assign group hotkey | 38 | |
| Basic commands | 136 | |
| Build / train | 90 | |
| Enter build submenu | 18 | |
| Enter hero's abilities submenu | 7 | |
| Give item / drop item | 1 | |
| Right click | 778 | |
| Select / deselect | 336 | |
| Select group hotkey | 103 | |
| Use ability | 41 | |
1548 total
» units
| Acolyte | 8 | |
| Ghoul | 29 | |
| Obsidian Statue | 3 | |
| Abomination | 7 | |
47 total
» upgrades
| Unholy Armor | 3 | |
| Unholy Strength | 1 | |
| Ghoul Frenzy | 1 | |
| Disease Cloud | 1 | |
6 total
» buildings
| Crypt | 1 | |
| Altar of Darkness | 1 | |
| Ziggurat | 9 | |
| Graveyard | 1 | |
| Tomb of Relics | 1 | |
| Halls of the Dead | 2 | |
| Black Citadel | 4 | |
| Slaughterhouse | 2 | |
| Spirit Tower | 10 | |
31 total
» build order
00:23 Crypt
00:26 Altar of Darkness
00:34 Ziggurat
01:08 Graveyard
01:23 Ziggurat
02:17 Tomb of Relics
04:04 Halls of the Dead
04:04 Halls of the Dead
05:04 Ziggurat
07:12 Black Citadel
07:12 Black Citadel
07:16 Ziggurat
07:16 Ziggurat
07:17 Ziggurat
07:53 Slaughterhouse
08:12 Spirit Tower
08:12 Spirit Tower
08:13 Spirit Tower
10:25 Black Citadel
10:37 Slaughterhouse
10:42 Ziggurat
11:25 Spirit Tower
11:25 Spirit Tower
12:24 Spirit Tower
12:25 Spirit Tower
12:36 Ziggurat
12:37 Ziggurat
15:53 Spirit Tower
15:55 Spirit Tower
» items
| Scroll of Town Portal | 2 | |
| Boots of Speed | 1 | |
| Scroll of Protection | 1 | |
| Orb of Corruption | 1 | |
5 total
RussianVodka.ru (
teal | 119 APM | 2523 actions | 21:11)
3 Death Knight
2 Death Coil
1 Unholy Aura
2 Lich
1 Frost Nova
1 Dark Ritual
» actions
| Assign group hotkey | 50 | |
| Basic commands | 177 | |
| Build / train | 50 | |
| Enter build submenu | 18 | |
| Enter hero's abilities submenu | 5 | |
| Remove unit from queue | 1 | |
| Right click | 1011 | |
| Select / deselect | 329 | |
| Select group hotkey | 761 | |
| Use ability | 121 | |
2523 total
» units
| Acolyte | 3 | |
| Ghoul | 3 | |
| Crypt Fiend | 10 | |
| Obsidian Statue | 3 | |
19 total
» upgrades
| Creature Attack | 4 | |
| Creature Carapace | 1 | |
| Burrow | 1 | |
| Web | 1 | |
| Destroyer Form | 1 | |
8 total
» buildings
| Crypt | 1 | |
| Graveyard | 1 | |
| Altar of Darkness | 1 | |
| Ziggurat | 5 | |
| Tomb of Relics | 1 | |
| Halls of the Dead | 1 | |
| Black Citadel | 1 | |
| Slaughterhouse | 1 | |
| Sacrificial Pit | 1 | |
| Boneyard | 2 | |
| Spirit Tower | 1 | |
16 total
» build order
00:10 Crypt
00:12 Graveyard
00:44 Altar of Darkness
01:04 Ziggurat
01:38 Tomb of Relics
02:04 Ziggurat
04:22 Halls of the Dead
05:02 Ziggurat
07:17 Black Citadel
07:43 Ziggurat
08:53 Slaughterhouse
11:47 Sacrificial Pit
13:52 Ziggurat
15:29 Boneyard
15:30 Boneyard
16:18 Spirit Tower
» items
| Rod of Necromancy | 3 | |
| Dust of Appearance | 2 | |
| Scroll of Town Portal | 2 | |
7 total
CYBERPUNK2077- (
purple | 76 APM | 3890 actions | 51:02)
7 Blademaster
3 Wind Walk
3 Critical Strike
1 Bladestorm
5 Shadow Hunter
2 Hex
3 Healing Wave
» actions
| Assign group hotkey | 62 | |
| Basic commands | 61 | |
| Build / train | 85 | |
| Enter build submenu | 46 | |
| Enter hero's abilities submenu | 12 | |
| Give item / drop item | 4 | |
| Right click | 1980 | |
| Select / deselect | 388 | |
| Select group hotkey | 1048 | |
| Use ability | 204 | |
3890 total
» units
| Peon | 26 | |
| Grunt | 4 | |
| Wind Rider | 6 | |
| Troll Batrider | 5 | |
| Raider | 2 | |
43 total
» upgrades
| Reinforced Defenses | 1 | |
| Liquid Fire | 1 | |
| Envenomed Spears | 1 | |
| Ranged Weapons | 2 | |
| Armor | 2 | |
| Pillage | 1 | |
8 total
» buildings
| Altar of Storms | 1 | |
| Barracks | 1 | |
| Orc Burrow | 7 | |
| Voodoo Lounge | 1 | |
| Stronghold | 1 | |
| War Mill | 2 | |
| Great Hall | 4 | |
| Watch Tower | 49 | |
| Beastiary | 3 | |
| Fortress | 1 | |
| Spirit Tower | 1 | |
71 total
» build order
00:07 Altar of Storms
00:21 Barracks
00:29 Orc Burrow
01:28 Orc Burrow
01:59 Voodoo Lounge
03:25 Stronghold
03:51 War Mill
04:51 Great Hall
05:30 Watch Tower
05:45 Orc Burrow
06:12 Beastiary
06:20 Beastiary
06:41 Watch Tower
07:44 Watch Tower
07:48 Watch Tower
08:00 Fortress
08:22 Watch Tower
10:39 Watch Tower
10:39 Watch Tower
10:39 Watch Tower
10:40 Watch Tower
10:40 Watch Tower
10:41 Watch Tower
11:15 Orc Burrow
11:58 Watch Tower
12:28 Beastiary
13:52 Orc Burrow
14:31 Watch Tower
14:32 Watch Tower
14:33 Watch Tower
14:33 Watch Tower
14:33 Watch Tower
15:47 Watch Tower
15:48 Watch Tower
17:04 Watch Tower
17:05 Watch Tower
17:05 Watch Tower
17:40 Orc Burrow
18:20 Watch Tower
18:45 Watch Tower
20:21 Watch Tower
20:21 Watch Tower
21:04 Watch Tower
21:04 Watch Tower
21:48 Spirit Tower
22:05 Watch Tower
22:05 Watch Tower
22:06 Watch Tower
22:42 Watch Tower
22:42 Watch Tower
23:56 Watch Tower
23:56 Watch Tower
25:25 Watch Tower
26:32 Watch Tower
28:13 Watch Tower
29:20 Watch Tower
31:46 Great Hall
32:47 Great Hall
32:49 Watch Tower
32:50 Watch Tower
32:52 War Mill
34:03 Watch Tower
34:03 Watch Tower
35:23 Orc Burrow
35:52 Great Hall
35:54 Watch Tower
35:55 Watch Tower
35:55 Watch Tower
35:55 Watch Tower
35:56 Watch Tower
36:25 Watch Tower
» items
| Healing Salve | 6 | |
| Orb of Lightning | 1 | |
| Tiny Great Hall | 1 | |
| Scroll of Town Portal | 7 | |
| Potion of Mana | 1 | |
| Staff of Teleportation | 1 | |
17 total
TheFury (
blue | 57 APM | 1229 actions | 21:37)
4 Death Knight
2 Death Coil
2 Unholy Aura
2 Lich
1 Frost Nova
1 Dark Ritual
» actions
| Assign group hotkey | 23 | |
| Basic commands | 1 | |
| Build / train | 72 | |
| Enter build submenu | 19 | |
| Enter hero's abilities submenu | 6 | |
| Give item / drop item | 1 | |
| Remove unit from queue | 1 | |
| Right click | 551 | |
| Select / deselect | 228 | |
| Select group hotkey | 263 | |
| Use ability | 64 | |
1229 total
» units
| Acolyte | 2 | |
| Ghoul | 5 | |
| Crypt Fiend | 12 | |
| Obsidian Statue | 3 | |
| Frost Wyrm | 4 | |
26 total
» upgrades
| Web | 1 | |
| Creature Attack | 1 | |
| Creature Carapace | 1 | |
| Freezing Breath | 1 | |
| Destroyer Form | 1 | |
5 total
» buildings
| Crypt | 1 | |
| Graveyard | 1 | |
| Ziggurat | 6 | |
| Altar of Darkness | 1 | |
| Nerubian Tower | 3 | |
| Halls of the Dead | 3 | |
| Tomb of Relics | 1 | |
| Spirit Tower | 5 | |
| Slaughterhouse | 1 | |
| Black Citadel | 2 | |
| Sacrificial Pit | 1 | |
| Boneyard | 2 | |
27 total
» build order
00:26 Crypt
00:30 Graveyard
00:41 Ziggurat
01:10 Altar of Darkness
01:16 Ziggurat
02:57 Nerubian Tower
03:12 Ziggurat
04:11 Halls of the Dead
04:12 Halls of the Dead
04:56 Tomb of Relics
05:20 Spirit Tower
05:20 Spirit Tower
05:20 Spirit Tower
08:10 Slaughterhouse
08:22 Ziggurat
09:50 Black Citadel
10:51 Ziggurat
12:36 Sacrificial Pit
13:39 Boneyard
13:41 Boneyard
13:44 Nerubian Tower
13:49 Ziggurat
21:25 Nerubian Tower
» items
| Scroll of Town Portal | 2 | |
| Rod of Necromancy | 1 | |
| Potion of Healing | 3 | |
| Scroll of Healing | 2 | |
8 total
Chat log
(00:17 / All) RussianVodka.ru: goal
(00:45 / All) bruzer: who scored?
(01:00 / All) RussianVodka.ru: Florida wins )
(01:10 / All) bruzer: wins what??
(01:13 / All) RussianVodka.ru: xd
(01:25 / All) RussianVodka.ru: im kill u )
(02:40 / All) CYBERPUNK2077-: TRUMP z#1
(04:53 / Allies) fukyougringo: GO YELLWO
(05:44 / Allies) 712471251250125: inc my expo
(05:45 / Allies) 712471251250125: probs
(05:57 / Allies) 712471251250125: they're creeping that
(05:58 / Allies) 712471251250125: creepjacked me
(06:02 / Allies) 712471251250125: fiendbot blue
(06:11 / Allies) fukyougringo: YOU NDES THE ITEM?
(07:07 / Allies) 712471251250125: ty
(07:20 / Allies) 712471251250125: nice job
(07:34 / Allies) fukyougringo: GREEN
(08:29 / All) CYBERPUNK2077-: wow
(12:33 / Allies) fukyougringo: NAH
(13:25 / Allies) fukyougringo: NO
(15:21 / All) CYBERPUNK2077-: seriously kill teal
(15:22 / Allies) fukyougringo: TY
(15:22 / All) CYBERPUNK2077-: i wont stop u
(15:24 / All) CYBERPUNK2077-: hes a nigger
(15:29 / All) 712471251250125: whats hedoing
(15:38 / All) CYBERPUNK2077-: hes a dumb euro
(16:30 / All) CYBERPUNK2077-: TP
(18:00 / Allies) 712471251250125: wood me if u can
(18:12 / Allies) 712471251250125: ty
(19:29 / Allies) fukyougringo: MOVE
(19:33 / All) Deadbeatdavid: purp bsed teal
(19:34 / All) Deadbeatdavid: lol
(19:53 / All) CYBERPUNK2077-: idiot allies
(20:00 / All) RussianVodka.ru: u team killer
(20:04 / All) CYBERPUNK2077-: lol
(20:05 / All) RussianVodka.ru: noob stupid
(20:07 / All) CYBERPUNK2077-: faggots did notning all game
(20:09 / All) RussianVodka.ru: hahahahaha
(20:11 / All) RussianVodka.ru: noob
(20:13 / All) Deadbeatdavid: cyber punk
(20:16 / All) RussianVodka.ru: u kill me DK
(20:18 / All) Deadbeatdavid: dead all the times I'm playing with him
(20:21 / All) RussianVodka.ru: idiot.
(20:25 / Allies) 712471251250125: hit here
(20:33 / All) RussianVodka.ru: gl noob
(20:42 / Allies) 712471251250125: wood me if you can
(21:02 / All) RussianVodka.ru: NiggerPunk)))
(21:09 / Allies) 712471251250125: ty
(22:55 / Allies) bruzer: purp only one left
(23:00 / Allies) 712471251250125: then him
(23:06 / Allies) 712471251250125: pink and then finish him
(25:33 / Allies) bruzer: fine lets lose this
(26:31 / All) fukyougringo: PARTHETIC PALYER
(26:35 / All) CYBERPUNK2077-: out
(26:36 / All) CYBERPUNK2077-: out
(26:50 / Allies) fukyougringo: WHY?
(27:29 / Allies) eatmycookie: such a fag
(27:34 / Allies) eatmycookie: i fed you lubmer
(27:34 / Allies) fukyougringo: WHY
(27:52 / Allies) 712471251250125: some men jut want to watch the world burn man
(29:01 / Allies) eatmycookie: just end it
(29:05 / All) CYBERPUNK2077-: quit trying to expo lol
(29:06 / Allies) 712471251250125: i end you
(29:07 / Allies) 712471251250125: you lose
(30:04 / All) CYBERPUNK2077-: leave plz
(31:25 / Allies) fukyougringo: B
(31:36 / All) CYBERPUNK2077-: me pro
(31:38 / All) CYBERPUNK2077-: u noob
(31:46 / Allies) 712471251250125: you lose
(32:28 / All) CYBERPUNK2077-: noob
(32:29 / All) CYBERPUNK2077-: noob
(32:44 / All) eatmycookie: lucky oj is a fuck
(32:44 / All) fukyougringo: SURE YOU USE MAP AHCK
(32:56 / All) CYBERPUNK2077-: leave plz
(32:57 / All) CYBERPUNK2077-: u noob
(32:58 / All) CYBERPUNK2077-: me pro
(32:59 / All) 712471251250125: how am I lucky?
(33:01 / All) 712471251250125: tell me
(33:02 / All) 712471251250125: my tk is all skill
(33:07 / Allies) eatmycookie: he is luckuy
(33:11 / Allies) eatmycookie: that youre a shithead
(33:17 / All) 712471251250125: you said oj is lucky
(33:22 / Allies) eatmycookie: for no reason
(33:23 / Allies) eatmycookie: no l
(33:27 / Allies) eatmycookie: learn to read
(33:30 / Allies) eatmycookie: cunt
(33:31 / All) 712471251250125: I'm a tker for fun
(33:33 / All) 712471251250125: that's plenty reason
(33:46 / Allies) eatmycookie: uninstall
(33:49 / Allies) eatmycookie: cunt
(33:52 / All) 712471251250125: why would I uninstall
(33:55 / All) 712471251250125: I'm having fun
(33:59 / All) 712471251250125: it's not all about you, pal
(34:04 / All) 712471251250125: ever think of the enjoyment of other players?
(34:08 / Allies) eatmycookie: because youre a troll
(34:12 / All) CYBERPUNK2077-: red noob
(34:14 / All) CYBERPUNK2077-: yellow noob
(35:43 / Allies) 712471251250125: i'll chase you forever
(35:46 / Allies) 712471251250125: and get a third hero and tp staff
(35:48 / Allies) 712471251250125: and your hero will die
(36:03 / All) 712471251250125: LOL
(36:05 / All) CYBERPUNK2077-: noob
(36:06 / All) CYBERPUNK2077-: lol
(36:10 / All) 712471251250125: Won't even need a 3rd hero to kill your blademaster, dumbass
(36:15 / All) 712471251250125: you ran right into the enemy army!
(36:17 / All) CYBERPUNK2077-: leave plz noob red
(36:19 / All) CYBERPUNK2077-: me > u
(36:32 / Allies) 712471251250125: thanks for the unsummon
(36:35 / Allies) 712471251250125: you really make my job easier, friend
(37:15 / All) CYBERPUNK2077-: teal was such a dumb euro cunt
(37:27 / All) 712471251250125: My team is all dead but won't get out
(37:29 / All) CYBERPUNK2077-: asking me "FROM????"
(37:31 / Allies) 712471251250125: hey, guys
(37:34 / Allies) 712471251250125: stay and you get a loss
(37:38 / Allies) 712471251250125: leave now and you only get a tie
(38:11 / All) CYBERPUNK2077-: i denied them expos all game once m yteam left lawl
(38:15 / All) CYBERPUNK2077-: green tried to expo ten times
(38:34 / All) 712471251250125: lol
(38:38 / All) 712471251250125: Green, bad idea going to those raiders
(39:39 / All) 712471251250125: lol
(39:41 / All) CYBERPUNK2077-: noob
(39:42 / All) CYBERPUNK2077-: out
(39:44 / All) 712471251250125: hey green
(39:47 / All) 712471251250125: leave and you get a tie
(39:49 / All) 712471251250125: stay and you get a loss
(39:56 / All) CYBERPUNK2077-: u should give them gold to rebuilt so we can own again
(40:17 / All) CYBERPUNK2077-: 2 orb of frost
(42:06 / All) 712471251250125: finish yel base
(42:08 / All) CYBERPUNK2077-: we never saw ur main base
(42:10 / Allies) bruzer: killl yourself faster bitch, i wanna play another game
(42:19 / Allies) 712471251250125: nice reverse psychology
(42:24 / Allies) 712471251250125: maybe I should leave my pc on all night just for you
(42:27 / Allies) 712471251250125: what do you think of that?
(42:44 / Allies) bruzer: bitches gonna do what they want
(42:51 / Allies) 712471251250125: you're my bitch
(43:10 / Allies) bruzer: you suck more cock than your mom
(43:17 / Allies) bruzer: hard to beleive
(43:19 / Allies) 712471251250125: I'm fucking your mom right now
(43:26 / All) 712471251250125: Green is mad I'm fucking his mom
(43:37 / All) CYBERPUNK2077-: america #1
(44:38 / Allies) bruzer: finish it fucktard
(44:44 / All) 712471251250125: Green wants me to finish it
(44:48 / All) 712471251250125: he's trying to reverse psychology me
(44:56 / All) 712471251250125: and make me think he's the one in control
(45:04 / All) 712471251250125: he even hid a tree
(45:13 / All) CYBERPUNK2077-: i dont even remember what untis green had lawll
(45:55 / All) 712471251250125: Yellow team colour wisps are so hard to see on the minimap
(45:58 / All) 712471251250125: by taverns and stuff
(46:39 / All) 712471251250125: got anything to say for yourselves, ya punks?
(47:12 / Allies) bruzer: hes winning retard, why you asking him that
(47:13 / All) 712471251250125: almost forgot a few towers
(47:17 / All) 712471251250125: ah well, not in any rush
(47:22 / Allies) 712471251250125: I'm asking you, retard
(47:26 / Allies) 712471251250125: he's my friend and on a 0-0 account
(47:32 / Allies) 712471251250125: he's not in it to win it and neither am I
(47:34 / Allies) bruzer: and your farm
(47:44 / Allies) 712471251250125: I'm not killing the farm yet
(47:49 / Allies) bruzer: yea, hes in to win or he woulda quit
(48:02 / All) 712471251250125: why would he leave unless he's in it to win
(48:03 / Allies) bruzer: refreshing to see such complete stupidity
(48:09 / All) 712471251250125: maybe he just wants you to lose
(48:20 / Allies) bruzer: thats how you win
(48:23 / All) 712471251250125: ever think about that, pal?
(48:26 / Allies) bruzer: newsflash
(48:35 / All) CYBERPUNK2077-: red and green still here
(48:38 / All) 712471251250125: yeah, but there's a difference between wanting to see the enemy lose and wanting to win
(48:38 / All) CYBERPUNK2077-: talk to me babies
(48:50 / All) CYBERPUNK2077-: how mad are u red
(48:57 / All) 712471251250125: how mod u are green and red?
(49:05 / All) 712471251250125: green and red punching the wall right now, BANG!
(49:06 / All) CYBERPUNK2077-: green, bend the knee to ur lord
(49:51 / All) 712471251250125: green, red
(49:53 / All) 712471251250125: talk to me
(50:28 / All) 712471251250125: I'm ending it in 10 secs if you haven't got anything to say
(50:35 / All) 712471251250125: 10
(50:37 / All) 712471251250125: 9
(50:39 / All) 712471251250125: 8
(50:40 / All) 712471251250125: 7
(50:42 / All) 712471251250125: 6
(50:43 / All) 712471251250125: 5
(50:45 / All) 712471251250125: 4
(50:46 / All) 712471251250125: 3
(50:47 / All) 712471251250125: 2
(50:49 / All) 712471251250125: 1